HSSL
TULSA HS AS @ MARIS SCHOOL MARINERS
04/07/2030
 
TOP OF THE 1ST
Tulsa HS As batting - Pitching for Maris School Mariners : RHP Jim Hernández
Pitching: RHP Jim Hernández
Batting: RHB Ralph Young 0-0: Ball
1-0: SINGLE (Groundball, 34D)
Batting: LHB Dave Leclair Pickoff Throw to First - Out!
0-0: Foul Ball, location: 2F
0-1: Foul Ball, location: 2F
0-2: Foul Ball, location: 2F
0-2: Fly out, F4 (Popup, 4M)
Batting: LHB Mark Wheeler 0-0: Called Strike
0-1: Ball
1-1: Ball
2-1: Foul Ball, location: 2F
2-2: Ball
3-2: Ground out 4-3 (Groundball, 4)
Top of the 1st over - 0 runs, 1 hit, 0 errors, 0 left on base; Tulsa HS 0 - Maris School 0
BOTTOM OF THE 1ST
Maris School Mariners batting - Pitching for Tulsa HS As : RHP Floyd Walton
Pitching: RHP Floyd Walton
Batting: LHB Alexander Randolph 0-0: Called Strike
0-1: Ball
1-1: Swinging Strike
1-2: Strikes out swinging, 2-3 out at first.
Batting: LHB Michael Rodríguez 0-0: Ball
1-0: DOUBLE (Flyball, 8RD)
Batting: RHB Grant Reynolds 0-0: Called Strike
0-1: Called Strike
0-2: Fly out, F8 (Line Drive, 8RM)
Batting: LHB Dave Booth 0-0: Ball
1-0: Ground out 6-3 (Groundball, 6M)
Bottom of the 1st over - 0 runs, 1 hit, 0 errors, 1 left on base; Tulsa HS 0 - Maris School 0
TOP OF THE 2ND
Tulsa HS As batting - Pitching for Maris School Mariners : RHP Jim Hernández
Batting: SHB José Hernández 0-0: Ball
1-0: Called Strike
1-1: Foul Ball, location: 2F
1-2: Foul Ball, location: 2F
1-2: Fly out, F7 (Flyball, 7LSF)
Batting: LHB Chris Smith 0-0: Ball
1-0: Foul Ball, location: 2F
1-1: Ball
2-1: Swinging Strike
2-2: Strikes out swinging
Batting: RHB Dale Bennett 0-0: Ball
1-0: Ball
2-0: Called Strike
2-1: Fly out, F9 (Flyball, 89D)
Top of the 2nd over - 0 runs, 0 hits, 0 errors, 0 left on base; Tulsa HS 0 - Maris School 0
BOTTOM OF THE 2ND
Maris School Mariners batting - Pitching for Tulsa HS As : RHP Floyd Walton
Batting: SHB Albert Montgomery 0-0: Ball
1-0: Swinging Strike
1-1: Ball
2-1: Ball
3-1: Foul Ball, location: 2F
3-2: Foul Ball, location: 2F
3-2: Base on Balls
Batting: RHB John Verville 0-0: Foul Ball, location: 2F
0-1: Foul Ball, location: 2F
0-2: Strikes out looking
Batting: LHB Carl Spaeth 0-0: Ball
1-0: DOUBLE (Flyball, 8LXD)
Albert Montgomery to third
Runner from 3rd tries for Home, SAFE, no throw
Batting: RHB Dusty Pope 0-0: Foul Ball, location: 2F
0-1: Ball
1-1: SINGLE (Groundball, 56D)
Carl Spaeth to third
Runner from 3rd tries for Home, SAFE, no throw
Batting: RHB Ray O'Larly 0-0: Swinging Strike
0-1: Swinging Strike
0-2: Ball
1-2: Strikes out swinging
Batting: LHB Alexander Randolph 0-0: Called Strike
0-1: Ball
1-1: Called Strike
1-2: Foul Ball, location: 2F
1-2: Foul Ball, location: 2F
1-2: Ball
2-2: Ball
3-2: Foul Ball, location: 2F
3-2: Strikes out swinging
Bottom of the 2nd over - 2 runs, 2 hits, 0 errors, 1 left on base; Tulsa HS 0 - Maris School 2
TOP OF THE 3RD
Tulsa HS As batting - Pitching for Maris School Mariners : RHP Jim Hernández
Batting: RHB Ricky Thomas 0-0: Called Strike
0-1: Ball
1-1: Called Strike
1-2: Foul Ball, location: 2F
1-2: Ball
2-2: Foul Ball, location: 2F
2-2: Strikes out looking
Batting: RHB Trent Rowe 0-0: Foul Ball, location: 2F
0-1: Ball
1-1: Ball
2-1: Foul Ball, location: 2F
2-2: Ball
3-2: Fly out, F3 (Popup, 23F)
Batting: RHB Brendon Keifer 0-0: Foul Ball, location: 2F
0-1: Ball
1-1: Called Strike
1-2: Strikes out swinging
Top of the 3rd over - 0 runs, 0 hits, 0 errors, 0 left on base; Tulsa HS 0 - Maris School 2
BOTTOM OF THE 3RD
Maris School Mariners batting - Pitching for Tulsa HS As : RHP Floyd Walton
Batting: LHB Michael Rodríguez 0-0: Ball
1-0: Ground out 5-3 (Groundball, 56)
Batting: RHB Grant Reynolds 0-0: SINGLE (Line Drive, 34)
Batting: LHB Dave Booth 0-0: Ball
1-0: Called Strike
1-1: Foul Ball, location: 2F
1-2: Foul Ball, location: 2F
1-2: Strikes out looking
Batting: SHB Albert Montgomery 0-0: Ball
1-0: Ball
2-0: Hit by Pitch
Grant Reynolds to second
Batting: RHB John Verville 0-0: Ball
1-0: Ball
2-0: Fly out, F6 (Line Drive, 56)
Bottom of the 3rd over - 0 runs, 1 hit, 0 errors, 2 left on base; Tulsa HS 0 - Maris School 2
TOP OF THE 4TH
Tulsa HS As batting - Pitching for Maris School Mariners : RHP Jim Hernández
Batting: RHB Ralph Young 0-0: Ball
1-0: Ball
2-0: Called Strike
2-1: Foul Ball, location: 2F
2-2: Ball
3-2: Base on Balls
Batting: LHB Dave Leclair 0-0: SINGLE (Line Drive, 7LM)
Ralph Young to second
Batting: LHB Mark Wheeler 0-0: Ball
1-0: Called Strike
1-1: SINGLE (Groundball, 4MD)
Ralph Young to third
Dave Leclair to second
Runner from 3rd tries for Home, SAFE, no throw
Batting: SHB José Hernández 0-0: Swinging Strike
0-1: Ball
1-1: Fly out, F9 (Flyball, 9D)
Batting: LHB Chris Smith 0-0: Swinging Strike
0-1: Ball
1-1: Foul Ball, location: 2F
1-2: Ball
2-2: Ball
3-2: Foul Ball, location: 2F
3-2: Foul Ball, location: 2F
3-2: Fielders Choice at 2nd, 1-6 (Groundball, 13)
Dave Leclair to third
Batting: RHB Dale Bennett 0-0: Ball
1-0: Called Strike
1-1: Foul Ball, location: 2F
1-2: Ball
2-2: DOUBLE (Flyball, 89D)
Dave Leclair scores
Chris Smith to third
Runner from 3rd tries for Home, SAFE, no throw
Batting: RHB Ricky Thomas 0-0: Called Strike
0-1: Called Strike
0-2: Ball
1-2: Ball
2-2: Strikes out swinging
Top of the 4th over - 3 runs, 3 hits, 0 errors, 1 left on base; Tulsa HS 3 - Maris School 2
BOTTOM OF THE 4TH
Maris School Mariners batting - Pitching for Tulsa HS As : RHP Floyd Walton
Batting: LHB Carl Spaeth 0-0: Called Strike
0-1: Ball
1-1: Ball
2-1: Foul Ball, location: 2F
2-2: Foul Ball, location: 2F
2-2: Strikes out swinging, 2-3 out at first.
Batting: RHB Dusty Pope 0-0: Called Strike
0-1: Fly out, F7 (Flyball, 7LSF)
Batting: RHB Ray O'Larly 0-0: Fly out, F7 (Flyball, 7)
Bottom of the 4th over - 0 runs, 0 hits, 0 errors, 0 left on base; Tulsa HS 3 - Maris School 2
TOP OF THE 5TH
Tulsa HS As batting - Pitching for Maris School Mariners : RHP Jim Hernández
Batting: RHB Trent Rowe 0-0: Swinging Strike
0-1: Called Strike
0-2: Strikes out swinging
Batting: RHB Brendon Keifer 0-0: Called Strike
0-1: Ball
1-1: Swinging Strike
1-2: Foul Ball, location: 2F
1-2: Ball
2-2: Foul Ball, location: 2F
2-2: Fly out, F7 (Flyball, 7S)
Batting: RHB Ralph Young 0-0: DOUBLE (Flyball, 8LD)
Pitching: RHP Edgardo Hernández
Batting: LHB Dave Leclair 0-0: Ball
1-0: Swinging Strike
1-1: Ball
2-1: Foul Ball, location: 2F
2-2: Ball
3-2: Foul Ball, location: 2F
3-2: DOUBLE (Flyball, 8RXD)
Ralph Young scores
Batting: LHB Mark Wheeler 0-0: Called Strike
0-1: Foul Ball, location: 2F
0-2: Ball
1-2: Ball
2-2: Ball
3-2: Base on Balls
Batting: SHB José Hernández 0-0: Called Strike
0-1: Called Strike
0-2: Strikes out swinging
Top of the 5th over - 1 run, 2 hits, 0 errors, 2 left on base; Tulsa HS 4 - Maris School 2
BOTTOM OF THE 5TH
Maris School Mariners batting - Pitching for Tulsa HS As : RHP Floyd Walton
Batting: LHB Alexander Randolph 0-0: Called Strike
0-1: Called Strike
0-2: Ball
1-2: Foul Ball, location: 2F
1-2: DOUBLE (Flyball, 78D)
Batting: LHB Michael Rodríguez 0-0: Ball
1-0: Ball
2-0: Called Strike
2-1: Ground out 3-1 (Groundball, 34S)
Alexander Randolph to third
Batting: RHB Grant Reynolds 0-0: Ball
1-0: Foul Ball, location: 2F
1-1: Ground out 5-3 (Groundball, 56)
Alexander Randolph scores
Batting: LHB Dave Booth 0-0: Ball
1-0: Ball
2-0: Foul Ball, location: 2F
2-1: Foul Ball, location: 2F
2-2: SINGLE (Groundball, 34D)
Batting: SHB Albert Montgomery 0-0: Foul Ball, location: 2F
0-1: SINGLE (Flyball, 89S)
Dave Booth to second
Pitching: LHP Adam Johnson
Batting: RHB John Verville 0-0: Ball
1-0: Ball
2-0: Ball
3-0: Called Strike
3-1: Fly out, F8 (Flyball, 8LM)
Bottom of the 5th over - 1 run, 3 hits, 0 errors, 2 left on base; Tulsa HS 4 - Maris School 3
TOP OF THE 6TH
Tulsa HS As batting - Pitching for Maris School Mariners : RHP Edgardo Hernández
Batting: LHB Chris Smith 0-0: Ball
1-0: Ball
2-0: Ball
3-0: Base on Balls
Batting: RHB Dale Bennett 0-0: Called Strike
0-1: Ball
1-1: Called Strike
1-2: Strikes out looking
Batting: RHB Ricky Thomas 0-0: Called Strike
0-1: Swinging Strike
0-2: Ball
1-2: Strikes out swinging
Batting: RHB Trent Rowe 0-0: Called Strike
0-1: Ball
1-1: Fly out, F7 (Flyball, 78D)
Top of the 6th over - 0 runs, 0 hits, 0 errors, 1 left on base; Tulsa HS 4 - Maris School 3
BOTTOM OF THE 6TH
Maris School Mariners batting - Pitching for Tulsa HS As : LHP Adam Johnson
Batting: LHB Carl Spaeth 0-0: Foul Ball, location: 2F
0-1: Bunt for hit - play at first, batter safe!
Batting: RHB Dusty Pope 0-0: Ball
1-0: Ball
2-0: Ball
3-0: Base on Balls
Carl Spaeth to second
Batting: RHB Ray O'Larly 0-0: Ball
1-0: Swinging Strike
1-1: Ball
2-1: Foul Ball, location: 2F
2-2: Ball
3-2: Base on Balls
Carl Spaeth to third
Dusty Pope to second
Batting: LHB Alexander Randolph 0-0: Ball
1-0: Foul Ball, location: 2F
1-1: Foul Ball, location: 2F
1-2: Ball
2-2: Ball
3-2: Strikes out swinging
Batting: LHB Michael Rodríguez 0-0: Foul Ball, location: 2F
0-1: Foul Ball, location: 2F
0-2: Foul Ball, location: 2F
0-2: Foul Ball, location: 2F
0-2: Ball
1-2: Strikes out swinging
Batting: RHB Grant Reynolds 0-0: Called Strike
0-1: Ball
1-1: SINGLE (Groundball, 6MD)
Carl Spaeth scores
Dusty Pope to third
Ray O'Larly to second
Runner from 3rd tries for Home, SAFE, throw made home
Batting: LHB Dave Booth 0-0: Ball
1-0: Ball
2-0: Ball
3-0: Called Strike
3-1: Foul Ball, location: 2F
3-2: Strikes out swinging
Bottom of the 6th over - 2 runs, 2 hits, 0 errors, 2 left on base; Tulsa HS 4 - Maris School 5
TOP OF THE 7TH
Tulsa HS As batting - Pitching for Maris School Mariners : RHP Edgardo Hernández
Batting: RHB Brendon Keifer 0-0: Foul Ball, location: 2F
0-1: Called Strike
0-2: Reached on error, E6 (Groundball, 6)
Batting: RHB Ralph Young 0-0: Called Strike
0-1: Swinging Strike
0-2: Ball
1-2: Foul Ball, location: 2F
1-2: Fly out, F9 (Flyball, 9D)
Pitching: LHP Mike Barry
Batting: LHB Dave Leclair 0-0: Called Strike
0-1: Ball
1-1: Grounds into double play, 4-6-3 (Groundball, 4)
Top of the 7th over - 0 runs, 0 hits, 1 error, 0 left on base; Tulsa HS 4 - Maris School 5
BOTTOM OF THE 7TH
Maris School Mariners batting - Pitching for Tulsa HS As : LHP Adam Johnson
Pitching: RHP Ronald Owen
Batting: SHB Albert Montgomery 0-0: Foul Ball, location: 2F
0-1: Ball
1-1: Fly out, F7 (Flyball, 78D)
Batting: RHB John Verville 0-0: Ground out 4-3 (Groundball, 4M)
Batting: LHB Carl Spaeth 0-0: Called Strike
0-1: Foul Ball, location: 2F
0-2: Ball
1-2: Ball
2-2: Foul Ball, location: 2F
2-2: Ball
3-2: Base on Balls
Pitching: RHP Chris Bell
Batting: RHB Dusty Pope 0-0: Ball
1-0: Called Strike
1-1: Called Strike
1-2: Strikes out swinging
Bottom of the 7th over - 0 runs, 0 hits, 0 errors, 1 left on base; Tulsa HS 4 - Maris School 5
TOP OF THE 8TH
Tulsa HS As batting - Pitching for Maris School Mariners : LHP Mike Barry
Batting: LHB Mark Wheeler 0-0: Ball
1-0: Ball
2-0: Ball
3-0: Called Strike
3-1: Foul Ball, location: 2F
3-2: DOUBLE (Flyball, 89D)
Batting: SHB José Hernández 0-0: Ground out 6-3 (Groundball, 6)
Batting: LHB Chris Smith 0-0: Called Strike
0-1: Foul Ball, location: 2F
0-2: Ball
1-2: Strikes out swinging
Pitching: RHP Mike George
Batting: RHB Dale Bennett 0-0: Foul Ball, location: 2F
0-1: Ball
1-1: Called Strike
1-2: Ball
2-2: Ball
3-2: Base on Balls
Pinch Runner at 2nd Jared Tuttle:
Batting: RHB Ricky Thomas 0-0: Ball
1-0: Ball
2-0: Ball
3-0: Called Strike
3-1: Called Strike
3-2: Strikes out swinging
Top of the 8th over - 0 runs, 1 hit, 0 errors, 2 left on base; Tulsa HS 4 - Maris School 5
BOTTOM OF THE 8TH
Maris School Mariners batting - Pitching for Tulsa HS As : RHP Chris Bell
Now in RF: Jared Tuttle
Batting: RHB Ray O'Larly 0-0: Ball
1-0: Ball
2-0: Called Strike
2-1: Fly out, F7 (Flyball, 7D)
Batting: LHB Alexander Randolph 0-0: Called Strike
0-1: DOUBLE (Groundball, 3L)
Batting: LHB Michael Rodríguez 0-0: Ground out 6-3 (Groundball, 6)
Batting: RHB Grant Reynolds 0-0: Foul Ball, location: 2F
0-1: Foul Ball, location: 2F
0-2: Ball
1-2: Fly out, F8 (Line Drive, 8RM)
Bottom of the 8th over - 0 runs, 1 hit, 0 errors, 1 left on base; Tulsa HS 4 - Maris School 5
TOP OF THE 9TH
Tulsa HS As batting - Pitching for Maris School Mariners : RHP Mike George
Pitching: RHP Clarence Sykes
Now in RF: Miguel Martínez
Batting: RHB Trent Rowe 0-0: Foul Ball, location: 2F
0-1: SOLO HOME RUN (Flyball, 78XD), Distance : 431 ft
Batting: RHB Brendon Keifer 0-0: Ball
1-0: Called Strike
1-1: SINGLE (Groundball, 4MD)
Batting: RHB Ralph Young 0-0: Fly out, F4 (Popup, 4)
Batting: LHB Dave Leclair 0-0: Called Strike
0-1: Called Strike
0-2: Strikes out swinging
Batting: LHB Jared Tuttle 0-0: SINGLE (Line Drive, 8LS)
Brendon Keifer to second
Pinch Runner at 2nd Raúl García:
Batting: SHB José Hernández 0-0: Ball
1-0: Called Strike
1-1: Called Strike
1-2: Strikes out swinging
Top of the 9th over - 1 run, 3 hits, 0 errors, 2 left on base; Tulsa HS 5 - Maris School 5
BOTTOM OF THE 9TH
Maris School Mariners batting - Pitching for Tulsa HS As : RHP Chris Bell
Now at C: Matt Miller
Batting: LHB Miguel Martínez 0-0: Called Strike
0-1: Foul Ball, location: 2F
0-2: Foul Ball, location: 2F
0-2: Strikes out looking
Batting: SHB Albert Montgomery 0-0: Ball
1-0: Ball
2-0: Called Strike
2-1: Ball
3-1: Swinging Strike
3-2: Foul Ball, location: 2F
3-2: Base on Balls
Batting: RHB John Verville 0-0: Ball
1-0: Ball
Albert Montgomery steals 2nd base
2-0: Foul Ball, location: 2F
2-1: Foul Ball, location: 2F
2-2: Strikes out swinging
Batting: LHB Carl Spaeth 0-0: Called Strike
0-1: Fly out, F8 (Flyball, 8LD)
Bottom of the 9th over - 0 runs, 0 hits, 0 errors, 1 left on base; Tulsa HS 5 - Maris School 5
TOP OF THE 10TH
Tulsa HS As batting - Pitching for Maris School Mariners : LHP Juan Gallegos
Pitching: LHP Juan Gallegos
Batting: LHB Chris Smith 0-0: Ball
1-0: Foul Ball, location: 2F
1-1: SINGLE (Line Drive, 6M)
Batting: RHB Dale Bennett 0-0: Ball
1-0: Ground out 3-1 (Groundball, 34S)
Chris Smith to second
Batting: RHB Ricky Thomas 0-0: Ball
1-0: Ball
2-0: Ball
3-0: Base on Balls
Batting: RHB Trent Rowe 0-0: Called Strike
0-1: Ball
1-1: Called Strike
1-2: Ball
2-2: SINGLE (Groundball, 6MD)
Chris Smith to third
Ricky Thomas to second
Runner from 3rd tries for Home, SAFE, no throw
Batting: RHB Matt Miller 0-0: Ball
1-0: Called Strike
1-1: Ball
2-1: Foul Ball, location: 2F
2-2: Strikes out looking
Batting: RHB Ralph Young 0-0: Ball
1-0: Foul Ball, location: 2F
1-1: Foul Ball, location: 2F
1-2: SINGLE (Line Drive, 56D)
Ricky Thomas to third
Trent Rowe to second
Batting: LHB Dave Leclair 0-0: Ball
1-0: Ball
2-0: Ball
3-0: Base on Balls
Ricky Thomas scores
Trent Rowe to third
Ralph Young to second
Batting: LHB Jared Tuttle 0-0: Ball
1-0: Ball
2-0: Called Strike
2-1: Ball
3-1: Fly out, F9 (Line Drive, 9D)
Top of the 10th over - 2 runs, 3 hits, 0 errors, 3 left on base; Tulsa HS 7 - Maris School 5
BOTTOM OF THE 10TH
Maris School Mariners batting - Pitching for Tulsa HS As : RHP Chris Bell
Pitching: RHP Vincent Murphy
Batting: RHB Dusty Pope 0-0: Ball
1-0: SINGLE (Groundball, 4MD)
Batting: RHB Ray O'Larly 0-0: Grounds into double play, 6-4-3 (Groundball, 6)
Batting: LHB Alexander Randolph 0-0: Ball
1-0: Called Strike
1-1: Called Strike
1-2: Ball
2-2: Ball
3-2: Foul Ball, location: 2F
3-2: Strikes out swinging
Bottom of the 10th over - 0 runs, 1 hit, 0 errors, 0 left on base; Tulsa HS 7 - Maris School 5
Saturday, April 7th, 2018 - OOTP Baseball 18.8 Build 76